 Dungeon Crawl Stone Soup version 0.18-a0-1299-ge3c6ce7 (webtiles) character file.

12 MrRokkomies the Digger (level 2, -10/15 HPs)
             Began as a Gargoyle Earth Elementalist on Feb 11, 2016.
             Mangled by a gnoll
             ... wielding a +0 spear
              (11 damage)
             ... on level 1 of the Dungeon.
             The game lasted 00:02:16 (276 turns).

MrRokkomies the Digger (Gargoyle Earth Elementalist) Turns: 276, Time: 00:02:17

Health: -10/15     AC:  4    Str: 11    XL:     2   Next: 33%
Magic:  1/5        EV: 12    Int: 15    God:
Gold:   34         SH:  0    Dex: 10    Spells: 1 memorised, 4 levels left

rFire  . . .     SeeInvis .     b - 29 stones
rCold  . . .     Gourm    .     g - +0 robe
rNeg   + . .     Faith    .     (no shield)
rPois  ∞         Spirit   .     (no helmet)
rElec  +         Dismiss  .     (no cloak)
rCorr  .         Reflect  .     (no gloves)
SustAt .         Harm     .     (no boots)
MR     .....                    (no amulet)
Stlth  ++........               (no ring)
                                (no ring)

@: not resistant to hostile enchantments, unstealthy
A: negative energy resistance 1, electricity resistance, unbreathing,
petrification resistance, rot immunity, AC +2
a: no special abilities


You were on level 1 of the Dungeon.
You were not hungry.

You visited 1 branch of the dungeon, and saw 1 of its levels.

You collected 34 gold pieces.

Inventory:

Hand Weapons
 a - a +0 dagger
Missiles
 b - 29 stones (in hand)
Armour
 g - a +0 robe (worn)
Scrolls
 f - a scroll of random uselessness {unknown}
Potions
 e - a potion of invisibility {unknown}
Books
 c - a book of Geomancy

   Spells                             Type                      Level
   a - Sandblast                      Earth                        1
   b - Passwall                       Transmutation/Earth          2
   c - Stone Arrow                    Conjuration/Earth            3
   d - Petrify                        Transmutation/Earth          4
   e - Lee's Rapid Deconstruction     Earth                        5
Comestibles
 d - a bread ration


   Skills:
 - Level 1.5 Dodging
 - Level 2.1 Stealth
 - Level 2.0 Spellcasting
   Level 0.7 Transmutations
 * Level 4.4 Earth Magic


You had 4 spell levels left.
You knew the following spells:

 Your Spells              Type           Power        Failure   Level  Hunger
a - Sandblast             Erth           ##....       4%          1    #......


Dungeon Overview and Level Annotations

Branches:
Dungeon (1/15)

Altars:


Innate Abilities, Weirdness & Mutations

You are resistant to torment.
Your stone body is resilient (AC +2).
You are immune to poison.
You resist negative energy.
You are resistant to electric shocks.
You can survive without breathing.
You are immune to petrification.
You are immune to rotting.


Message History

Press: ? - help, Shift-Dir - straight line, f/p - gnoll
Aim: a gnoll, wielding a spear (severely wounded)
The rocky blast hits the goblin.
You kill the goblin!
The gnoll barely misses you.
A rat comes into view.
The rat moves out of view.
The hobgoblin shouts!
A goblin comes into view. It is wielding a club.
The goblin shouts!
The hobgoblin hits you but does no damage.
The hobgoblin hits you but does no damage.
The goblin hits you with a club.
* * * LOW HITPOINT WARNING * * *
Found a stone staircase leading down.
The goblin hits you but does no damage. The hobgoblin misses you.
The hobgoblin barely misses you.
The gnoll hits you from afar with a spear!
Ouch! That really hurt!
You die...

......##
#...........K...
#..............
................
#...............###
#...)..............
#..........# ####..
#..........# #†..
#.@........### #.#.
#.gr........(###.#.
###.r.gg.....#...#...
#..............).....
#....................
#....................
#...>................
#..........##........
#....#########...##..


You could see a gnoll, a hobgoblin, a goblin and 2 rats.

Vanquished Creatures
  A giant gecko (D:1)
  A giant cockroach (D:1)
  3 goblins (D:1)
  A hobgoblin (D:1)
  A kobold (D:1)
  A giant newt (D:1)
  2 rats (D:1)
10 creatures vanquished.

Notes
Turn   | Place    | Note
--------------------------------------------------------------
     0 | D:1      | MrRokkomies the Gargoyle Earth Elementalist began the quest for the Orb.
     0 | D:1      | Reached XP level 1. HP: 10/10 MP: 3/3
   142 | D:1      | Reached skill level 4 in Earth Magic
   199 | D:1      | Reached XP level 2. HP: 4/15 MP: 1/5
   276 | D:1      | Mangled by a gnoll

Vault maps used:
D:1:      scummos_arrival_forest

Action                   || total
-------------------------++-------
Melee: Unarmed           ||     9
       Dagger            ||     1
 Cast: Sandblast         ||    19
 Stab: Sleeping          ||     1
